 Dungeon Crawl Stone Soup version 0.23.1 (webtiles) character file.

Game seed: 915249593416941919

126 anorak the Stinger (level 5, -1/33 HPs)
             Began as an Octopode Venom Mage on Mar 16, 2019.
             Slain by a goblin
             ... wielding a +0 dagger
             ... led by Robin
              (4 damage)
             ... on level 3 of the Dungeon.
             The game lasted 00:05:37 (3270 turns).

anorak the Stinger (Octopode Venom Mage)            Turns: 3270, Time: 00:05:37

Health: -1/33      AC:  1    Str:  7    XL:     5   Next: 10%
Magic:  8/8        EV: 13    Int: 14    God:
Gold:   123        SH:  0    Dex: 14    Spells: 5/8 levels left

rFire    . . .     SeeInvis .   h - +0 whip (venom)
rCold    . . .     Gourm    .   (no shield)
rNeg     . . .     Faith    .   (helmet restricted)
rPois    .         Spirit   .   (no amulet)
rElec    .         Reflect  .   o - -3 ring of intelligence (curse)
rCorr    .         Harm     .   (no ring)
MR       .....                  (no ring)
Stlth    ++........             (no ring)
HPRegen  0.11/turn              (no ring)
MPRegen  0.11/turn              (no ring)
                                (no ring)
                                (no ring)

@: confused, very slightly contaminated, drained
A: almost no armour, stealthy swim, amphibious, 8 rings, constrict 8, camouflage
1, gelatinous body 1
a: no special abilities


You were on level 3 of the Dungeon.
You were hungry.

You visited 1 branch of the dungeon, and saw 3 of its levels.

You collected 123 gold pieces.

Inventory:

Hand Weapons
 f - a +0 club
 h - a +0 whip of venom (weapon)
 l - a +0 war axe
Jewellery
 o - a cursed -3 ring of intelligence (left tentacle)
Scrolls
 c - a scroll of amnesia {unknown}
 d - a scroll of blinking {unknown}
 k - a scroll of identify {unknown}
 m - a scroll of magic mapping {unknown}
 n - 2 scrolls of remove curse {unknown}
Potions
 a - a potion of berserk rage {unknown}
 e - a potion of haste {unknown}
 i - a potion of lignification {unknown}
 p - a potion of flight {unknown}
Comestibles
 b - 8 rations
 j - 7 chunks of flesh


   Skills:
 + Level 1.0(0.2) Fighting
 - Level 0.2(0.0) Maces & Flails
 + Level 2.4(1.5) Dodging
 + Level 3.7(2.8) Stealth
 + Level 2.4(1.5) Spellcasting
 + Level 1.4(0.6) Conjurations
 * Level 2.0(1.2) Air Magic
 + Level 4.5(3.6) Poison Magic


You had 5 spell levels left.
You knew the following spells:

 Your Spells              Type           Power        Failure   Level  Hunger
a - Sting                 Conj/Pois      #...         11%         1    ##.....
b - Poisonous Vapours     Pois/Air       #.....       14%         2    ###....

Your spell library contained the following spells:

 Spells                   Type           Power        Failure   Level  Hunger
 Magic Dart               Conj           #...         19%         1    ##.....
 Mephitic Cloud           Conj/Pois/Air  #.......     34%         3    ####...
 Blink                    Tloc           N/A          36%         2    ###....
 Call Imp                 Summ           #.......     36%         2    ###....
 Slow                     Hex            #.......     36%         2    ###....
 Olgreb's Toxic Radiance  Pois           ##......     50%         4    #####..
 Conjure Flame            Conj/Fire      #.......     54%         3    ####...
 Venom Bolt               Conj/Pois      #.........   96%         5    ######.


Dungeon Overview and Level Annotations

Branches:
Dungeon (3/15)

Altars:

Annotations:
D:3 Grinder, Robin


Innate Abilities, Weirdness & Mutations

You cannot wear most types of armour.
You are very stealthy in the water. (Stealth+)
You are amphibious.
You can wear up to eight rings at the same time.
You can use your tentacles to constrict eight enemies at once.
Your skin changes colour to match your surroundings (Stealth+).
Your rubbery body absorbs attacks. (AC +1, EV +1)


Message History

* * * LOW HITPOINT WARNING * * *
You bump into the rock wall.
The goblin barely misses you. The goblin closely misses you.
The hobgoblin hits you with a +0 club.
* * * LOW HITPOINT WARNING * * *
The frilled lizard misses you.
Unknown command.
You miss the frilled lizard. The goblin hits you with a +0 dagger.
* * * LOW HITPOINT WARNING * * *
The goblin hits you.
* * * LOW HITPOINT WARNING * * *
A goblin comes into view. It is wielding a +0 dagger.
The hobgoblin barely misses you. The frilled lizard bites you.
* * * LOW HITPOINT WARNING * * *
The goblin hits you with a +0 dagger.
* * * LOW HITPOINT WARNING * * *
You bump into the rock wall.
The goblin misses you. The hobgoblin barely misses you.
The frilled lizard bites you.
* * * LOW HITPOINT WARNING * * *
The goblin hits you with a +0 dagger.
You die...

...#......###.###..
................!....
..#............#...5
... #..........>.#
.......#..........#.#
.g.....#...<......#.#
.g$.....g.............
..g....#lg..)....)##...
..g.g..#@gg....)...# .#
.......##gg.......... .
...g...##g.#.########.
...g.............
..............###
.........#.#..#
.....$.....#....
....%....###..#..
.........# ##..


You could see Robin, a hobgoblin, 5 goblins and a frilled lizard.

Vanquished Creatures
  Jessica (D:3)
  A howler monkey skeleton (D:2)
  2 adders (D:2)
  2 worms (D:2)
  4 dart slugs (D:1)
  3 leopard geckos
  An orc (D:2)
  A giant cockroach (D:1)
  4 goblins
  7 hobgoblins
  2 jackals (D:2)
  A quokka (D:2)
  9 bats
  2 frilled lizards
  A jackal zombie (D:2)
  6 kobolds
  A leopard gecko skeleton (D:2)
  9 rats
57 creatures vanquished.

Notes
Turn   | Place    | Note
-------+----------+-------------------------------------------
     0 | D:1      | anorak the Octopode Venom Mage began the quest for the Orb.
     0 | D:1      | Reached XP level 1. HP: 11/11 MP: 3/3
   197 | D:1      | Reached skill level 4 in Poison Magic
   216 | D:1      | Reached XP level 2. HP: 8/17 MP: 0/5
   390 | D:1      | Learned a level 2 spell: Poisonous Vapours
   566 | D:1      | Reached XP level 3. HP: 14/21 MP: 2/6
   698 | D:1      | Reached skill level 1 in Air Magic
  1682 | D:2      | Reached XP level 4. HP: 27/27 MP: 0/7
  2633 | D:3      | Noticed Jessica
  3233 | D:3      | Killed Jessica
  3233 | D:3      | Reached XP level 5. HP: 31/32 MP: 8/8
  3241 | D:3      | Noticed Grinder
  3251 | D:3      | Noticed Robin
  3265 | D:3      | Reached skill level 1 in Fighting
  3270 | D:3      | Slain by a goblin

Skill      XL: |  1  2  3  4  5 |
---------------+----------------+-----
Poison Magic   | 4 |  4.5
Air Magic      | 1 2 |  2.0
Stealth        | 3 |  3.7
Fighting       | 1 |  1.0
Maces & Flails | |  0.2
Dodging        | |  2.4
Spellcasting   | |  2.4
Conjurations   | |  1.4

Action                   |  1- 3 |  4- 6 || total
-------------------------+-------+-------++-------
Melee: Unarmed           |    13 |       ||    13
       Constrict         |    17 |    16 ||    33
       Tentacles         |    11 |    10 ||    21
       Club              |     9 |       ||     9
       Whip              |    39 |    53 ||    92
 Cast: Sting             |     8 |       ||     8
       Poisonous Vapours |     9 |     2 ||    11
  Use: Potion            |       |     2 ||     2
 Stab: Sleeping          |     4 |     2 ||     6
  Eat: Chunk             |     3 |     5 ||     8
Armor: Skin              |    10 |     8 ||    18
Dodge: Dodged            |    37 |    57 ||    94
